 Dungeon Crawl Stone Soup version 0.29.0-4-gdea44cf6ec (webtiles) character file.

Game seed: 9539672782459519072

79 qw the Chopper (level 4, 0/26 HPs)
             Began as a Tengu Warper on Aug 28, 2022.
             Succumbed to an orc's poison
             ... on level 3 of the Dungeon.
             The game lasted 00:00:14 (3242 turns).

qw the Chopper (Tengu Warper)                       Turns: 3242, Time: 00:00:14

Health: 0/26       AC: 11    Str: 14    XL:     4   Next: 37%
Magic:  8/8        EV:  4    Int: 13    God:
Gold:   123        SH:  0    Dex: 13    Spells: 7/7 levels left

rFire   . . .      SeeInvis .   b - +0 war axe
rCold   . . .      Faith    .   (no shield)
rNeg    . . .      Spirit   .   e - +0 plate armour
rPois   .          Reflect  .   (helmet restricted)
rElec   .          Harm     .   (no cloak)
rCorr   .          Rampage  .   g - +0 pair of gloves
Will    .....                   (boots unavailable)
Stlth   ..........              (no amulet)
HPRegen 0.08/turn               (no ring)
MPRegen 0.11/turn               (no ring)

@: lethally poisoned (0 -> -2)
A: beak, talons 3
a: no special abilities


You were on level 3 of the Dungeon.
You visited 1 branch of the dungeon, and saw 3 of its levels.

You collected 200 gold pieces.
You spent 77 gold pieces at shops.


Innate Abilities, Weirdness & Mutations

You have a beak for a mouth.
You have claws for feet.


   Skills:
 - Level 2.0 Fighting
 + Level 4.6 Axes
 - Level 1.0 Throwing
 - Level 2.0 Armour
 - Level 2.1 Dodging
 - Level 2.0 Spellcasting
 - Level 2.4 Translocations


You had 7 spell levels left.
You didn't know any spells.
Your spell library contained the following spells:

 Spells                   Type           Power      Damage    Failure   Level
 Blink                    Tloc           14%        N/A       100%        2
 Gell's Gravitas          Tloc           7%         N/A       100%        3
 Lesser Beckoning         Tloc           7%         N/A       100%        3
 Teleport Other           Tloc           7%         N/A       100%        3
 Manifold Assault         Tloc           7%         N/A       100%        5

Inventory:

Hand Weapons
 b - a +0 war axe (weapon)
 d - a +0 flail
 Y - a +0 hand axe
Armour
 e - a +0 plate armour (worn)
 g - a +0 pair of gloves (worn)
Scrolls
 a - a scroll of identify
 c - a scroll of teleportation
Potions
 i - a potion of mutation {unknown}

Dungeon Overview and Level Annotations

Branches:
Dungeon (3/15)

Altars:
Fedhas

Shops:
D:3 (


Message History

b - a +0 war axe (weapon)
You closely miss the orc. Your peck misses the orc.
The orc hits you but does no damage.
You are poisoned.
You hit the orc. Your peck misses the orc.
The orc is lightly wounded.
You feel sick. The orc hits you but does no damage.
You are more poisoned.
You hit the orc but do no damage. Your kick misses the orc.
The orc is lightly wounded.
You feel very sick. The orc hits you but does no damage.
You are more poisoned.
You hit the orc. Your kick misses the orc. You punch the orc, but do no damage.
The orc is heavily wounded.
You feel very sick. The orc hits you but does no damage.
You are lethally poisoned!
The orc barely misses you.
You hit the orc. Your peck misses the orc.
The orc is almost dead.
You feel very sick. The orc hits you but does no damage.
You slash the orc!
You kill the orc!
You feel very sick.
There is a lethal amount of poison in your body!
You feel sick.
There is a lethal amount of poison in your body!
You feel sick.
There is a lethal amount of poison in your body!
You feel sick.
There is a lethal amount of poison in your body!
You feel sick.
There is a lethal amount of poison in your body!
You feel sick.
There is a lethal amount of poison in your body!
You feel sick.
There is a lethal amount of poison in your body!
You die...

### ..# ##
#.#####.#### .#
#.##....... .#
#......... .#
#.##.##..# # .#
#.##.##..##.### .#
#.##.##@)...... .#####
#.##.....##.###
.....#####.##.###.##.#
........##...........#
...(....#####........#
.....#..# ###.#.####
.....#..######....###
.......))...........+
.......[######....###


There were no monsters in sight!

Vanquished Creatures
  An ufetubus (D:3)
  4 dart slugs
  4 orcs (D:3)
  5 ball pythons
  2 endoplasms (D:2)
  A giant cockroach (D:1)
  4 goblins
  5 hobgoblins (D:1)
  5 jackals (D:2)
  3 kobolds
  8 quokkas
  4 bats
  4 frilled lizards
  4 rats
54 creatures vanquished.

Notes
Turn   | Place    | Note
-------+----------+-------------------------------------------
     0 | D:1      | qw the Tengu Warper began the quest for the Orb.
     0 | D:1      | Reached XP level 1. HP: 12/12 MP: 4/4
     0 | D:1      | 0 ||| qw: Version: 0.1-a-89-g26bdef1
     0 | D:1      | 0 ||| qw: Game counter: 1011
     0 | D:1      | 0 ||| qw: Always use a shield: true
     0 | D:1      | 0 ||| qw: God list: Okawaru
     0 | D:1      | 0 ||| qw: Allow faded altars: false
     0 | D:1      | 0 ||| qw: Do Orc after D:15 true
     0 | D:1      | 0 ||| qw: Do second Lair branch before Depths: true
     0 | D:1      | 0 ||| qw: Lair rune preference: random
     0 | D:1      | 0 ||| qw: Plans: Normal
     0 | D:1      | 0 ||| PLANNING D:1-11
   340 | D:1      | 340 ||| Stepping ~*~*~tactically~*~*~ (hiding).
   442 | D:1      | 442 ||| Stepping ~*~*~tactically~*~*~ (hiding).
   544 | D:1      | 544 ||| Stepping ~*~*~tactically~*~*~ (hiding).
   646 | D:1      | 646 ||| Stepping ~*~*~tactically~*~*~ (hiding).
   754 | D:1      | Reached skill level 3 in Axes
   754 | D:1      | Reached XP level 2. HP: 7/17 MP: 6/6
  1157 | D:1      | 1157 ||| Stepping ~*~*~tactically~*~*~ (stealth).
  1159 | D:1      | 1159 ||| Stepping ~*~*~tactically~*~*~ (stealth).
  1582 | D:1      | 1582 ||| UPGRADING to +0 chain mail.
  1592 | D:1      | 1592 ||| DROPPING +0 leather armour.
  1593 | D:1      | 1593 ||| DROPPING +0 ring mail.
  1594 | D:1      | 1594 ||| UPGRADING to +0 pair of gloves.
  1599 | D:1      | 1599 ||| DROPPING +1 robe of cold resistance.
  1600 | D:1      | 1600 ||| READING 2 scrolls labelled IDUUNEVOAR.
  1601 | D:1      | 1601 ||| DROPPING scroll of blinking.
  1693 | D:2      | Reached XP level 3. HP: 21/21 MP: 7/7
  1870 | D:2      | Reached skill level 4 in Axes
  1894 | D:2      | 1894 ||| Stepping ~*~*~tactically~*~*~ (stealth).
  1895 | D:2      | 1895 ||| Stepping ~*~*~tactically~*~*~ (stealth).
  2126 | D:2      | Found a blossoming altar of Fedhas.
  2267 | D:2      | Found a faded altar of an unknown god.
  2432 | D:2      | 2432 ||| UPGRADING to +0 plate armour.
  2442 | D:2      | 2442 ||| DROPPING +0 chain mail.
  2443 | D:2      | 2443 ||| READING scroll labelled SOMASM VALUD.
  2447 | D:2      | 2447 ||| DRINKING 2 smoky cyan potions.
  2448 | D:2      | 2448 ||| DROPPING potion of flight.
  2699 | D:3      | Reached XP level 4. HP: 16/26 MP: 8/8
  2894 | D:3      | Found Gemnu's Antique Weapon Shoppe.
  2900 | D:3      | 2900 ||| Stepping ~*~*~tactically~*~*~ (hiding).
  2901 | D:3      | 2901 ||| Stepping ~*~*~tactically~*~*~ (hiding).
  2918 | D:3      | 2918 ||| BUYING flail (77 gold).
  2918 | D:3      | Bought a flail for 77 gold pieces
  2918 | D:3      | 2918 ||| DROPPING +0 mace.
  3112 | D:3      | 3112 ||| Stepping ~*~*~tactically~*~*~ (stealth).
  3113 | D:3      | 3113 ||| Stepping ~*~*~tactically~*~*~ (stealth).
  3224 | D:3      | 3224 ||| SWAPPING to +0 war axe.
  3237 | D:3      | HP: 5/26 [poisoned by an orc]
  3240 | D:3      | HP: 2/26 [poisoned by an orc]
  3242 | D:3      | Succumbed to an orc's poison

Levels and vault maps discovered:
D:1:      amcnicky_arrival_underground_garden, layout_basic
D:2:      kennysheep_six_static_rooms, layout_loops_ring, basic_altar,
          hellmonk_ecumenical_altar_leap_of_faith
D:3:      layout_loops_corners, nicolae_overflow_hidden_temple, serial_shops,
          nicolae_shop_stone, minivault_24

Skill      XL: |  1  2  3  4 |
---------------+-------------+-----
Axes           | 3 4 |  4.6
Armour         | 2 |  2.0
Fighting       | |  2.0
Throwing       | |  1.0
Dodging        | |  2.1
Spellcasting   | |  2.0
Translocations | |  2.4

Action                   |  1- 3 |  4- 6 || total
-------------------------+-------+-------++-------
Melee: Hand axe          |    87 |    27 ||   114
       Kick              |    23 |     5 ||    28
       Peck              |    12 |     2 ||    14
       War axe           |       |     6 ||     6
       Punch             |       |     1 ||     1
Throw: Boomerang         |     7 |       ||     7
  Use: Scroll            |     2 |       ||     2
       Potion            |     1 |       ||     1
Armor: Leather armour    |     5 |       ||     5
       Chain mail        |    27 |       ||    27
       Plate armour      |    11 |    21 ||    32
Dodge: Dodged            |    28 |     3 ||    31

Table legend:
 A = Non-vault XP
 B = Vault XP
 C = Vault XP percentage of total XP
 D = Non-vault monster count
 E = Vault monster count
 F = Vault count percentage of total count
                 A         B        C        D         E       F
            +---------+---------+-------+---------+---------+-------
      Total |     103 |      10 |   8.8 |      48 |       6 |  11.1
            +---------+---------+-------+---------+---------+-------
        D:1 |      31 |       0 |   0.0 |      16 |       0 |   0.0
        D:2 |      30 |      10 |  25.0 |      16 |       6 |  27.3
        D:3 |      42 |       0 |   0.0 |      16 |       0 |   0.0
            +---------+---------+-------+---------+---------+-------
